 Dungeon Crawl Stone Soup version 0.28.0-45-g0d030f2227 (webtiles) character file.

Game seed: 334684263740881986

438 Ablot the Cutter (level 7, -2/59 HPs)
             Began as a Gnoll Chaos Knight on Apr 13, 2022.
             Was a Plaything of Xom.
             Slain by an orc
             ... wielding a +0 falchion
              (6 damage)
             ... on level 4 of the Dungeon.
             The game lasted 00:04:13 (2848 turns).

Ablot the Cutter (Gnoll Chaos Knight)               Turns: 2848, Time: 00:04:14

Health: -2/59      AC:  5    Str: 13      XL:     7   Next: 1%
Magic:  10/10      EV: 12    Int: 11      God:    Xom [*.....]
Gold:   96         SH:  0    Dex: 10 (12) Spells: 10/10 levels left

rFire   + . .      SeeInvis .   a - +0 short sword (chaos)
rCold   + . .      Faith    .   (no shield)
rNeg    . . .      Spirit   .   s - +2 robe {rC+ rF+}
rPois   .          Reflect  .   (no helmet)
rElec   .          Harm     .   (no cloak)
rCorr   .          Rampage  .   m - +0 pair of gloves
Will    .....                   (no boots)
Stlth   ++........              (no amulet)
HPRegen 0.19/turn               (no ring)
MPRegen 0.12/turn               (no ring)

@: brilliant
A: fangs 1, strong nose, distributed training
a: Renounce Religion


You were on level 4 of the Dungeon.
You worshipped Xom.
You were a special plaything of Xom.
You visited 1 branch of the dungeon, and saw 4 of its levels.

You collected 96 gold pieces.

Inventory:

Hand Weapons
 a - a +0 short sword of chaos (weapon)
Missiles
 b - 2 throwing nets
 g - 126 stones
 i - 27 bolts
 l - 60 arrows
 q - 2 poisoned darts (quivered)
Armour
 m - a +0 pair of gloves (worn)
 s - a +2 robe of resistance (worn)
Magical Staves
 d - a staff of air
Scrolls
 c - 2 scrolls of magic mapping {unknown}
 f - a scroll of acquirement {unknown}
 k - 3 scrolls of identify {unknown}
 o - a scroll of teleportation {unknown}
Potions
 h - a potion of heal wounds {unknown}
 n - a potion of haste {unknown}
 p - a potion of magic {unknown}
 r - a potion of lignification {unknown}


   Skills:
 + Level 6.9 Fighting
 + Level 6.9 Short Blades
 + Level 2.2 Long Blades
 + Level 2.2 Axes
 + Level 2.2 Maces & Flails
 + Level 2.2 Polearms
 + Level 2.2 Staves
 + Level 2.2 Slings
 + Level 2.2 Bows
 + Level 2.2 Crossbows
 + Level 2.2 Throwing
 + Level 5.1 Armour
 + Level 3.4 Dodging
 + Level 2.2 Stealth
 + Level 2.2 Shields
 + Level 2.2 Unarmed Combat
 + Level 2.2 Spellcasting
 + Level 1.8 Conjurations
 + Level 1.8 Hexes
 + Level 1.8 Summonings
 + Level 1.8 Necromancy
 + Level 1.8 Translocations
 + Level 1.8 Transmutations
 + Level 1.8 Fire Magic
 + Level 1.8 Ice Magic
 + Level 1.8 Air Magic
 + Level 1.8 Earth Magic
 + Level 1.8 Poison Magic
 + Level 2.4 Invocations
 + Level 2.2 Evocations


You had 10 spell levels left.
You didn't know any spells.
Your spell library was empty.

Dungeon Overview and Level Annotations

Branches:
Dungeon (4/15)
 Temple: D:4-7

Altars:
Uskayaw


Innate Abilities, Weirdness & Mutations

You have very sharp teeth.
Your uncanny sense of smell can sniff out nearby items.
Your experience applies equally to all skills.


Message History

You hit the orc wizard but do no damage.
The orc hits you with a +0 hand axe.
The orc hits your iron imp with a +0 hand axe.
Something hits you but does no damage. The orc hits you with a +0 falchion.
Your iron imp barely misses the orc.
You hit the orc wizard but do no damage.
The orc wizard mumbles some strange words.
The orc wizard flickers and vanishes!
The orc hits you with a +0 hand axe. The orc barely misses your iron imp.
Something hits you but does no damage. The orc hits you but does no damage.
You closely miss something.
Your iron imp closely misses the orc.
Something hits you but does no damage. The orc hits you with a +0 hand axe.
* * * LOW HITPOINT WARNING * * *
The orc hits your iron imp with a +0 hand axe.
You hear some strange, mumbled words.
Something tries to affect you, but you resist.
You hit something. Your punch misses something. The orc barely misses you.
Something hits you.
* * * LOW HITPOINT WARNING * * *
Your iron imp hits the orc.
The orc dies!
Something hits you but does no damage.
You hit something.
Nothing appears to happen.
The orc hits you with a +0 falchion.
* * * LOW HITPOINT WARNING * * *
You hit something. You bite something. Something hits you but does no damage.
Something hits you.
* * * LOW HITPOINT WARNING * * *
The orc misses you.
You hit something but do no damage. Something hits you.
* * * LOW HITPOINT WARNING * * *
Something hits you.
* * * LOW HITPOINT WARNING * * *
You hit something. You burn something. The orc hits you with a +0 falchion.
* * * LOW HITPOINT WARNING * * *
Something hits you but does no damage.
It was a potion of brilliance.
You feel clever all of a sudden. Something barely misses you.
The orc hits you with a +0 falchion.
You die...

......
#..................#
......
..###.....###.######'#.#
..#### ..........# #..#
.#.# ..#
####.....####'### #.# ..#
#.....##.....# #.# ..#
#.....##.....# #.# ..#
########.....# #.# ..#
###### #.....# #.# ..#
#.{@.###.....# #.# .##
..####.o5{........# #.#
.# ...................#
.#.# .#
.........$.......#.##.#..
.#
.................#..#.###
.#
...(((....##.....##.#.#..
.# ..........##.....#
...#.# .#
.......($.##.....# #..#.#
.#
...(.((#####.....###..#..


You could see an orc and a friendly iron imp (summoned).

Vanquished Creatures
  Sigmund (D:3)
  A kobold brigand (D:4)
  A scorpion (D:4)
  An iguana (D:4)
  An orc wizard (D:4)
  4 adders
  6 dart slugs
  4 ball pythons
  4 bats
  4 endoplasms
  2 giant cockroaches
  4 goblins
  4 hobgoblins
  2 jackals (D:3)
  A quokka (D:1)
  3 frilled lizards
  10 kobolds
  7 rats
60 creatures vanquished.

Vanquished Creatures (collateral kills)
  An orc (D:4)
1 creature vanquished.

Vanquished Creatures (others)
  13 plants (D:4)
13 creatures vanquished.

Grand Total: 74 creatures vanquished

Notes
Turn   | Place    | Note
-------+----------+-------------------------------------------
     0 | D:1      | Ablot the Gnoll Chaos Knight began the quest for the Orb.
     0 | D:1      | Reached XP level 1. HP: 23/23 MP: 1/1
    78 | D:1      | Reached XP level 2. HP: 28/29 MP: 2/2
   409 | D:1      | Reached XP level 3. HP: 35/35 MP: 3/3
   503 | D:1      | XOM: silly message
   595 | D:1      | XOM: scenery: summon butterflies
   750 | D:2      | Reached skill level 1 in Invocations
   859 | D:2      | Reached skill level 1 in Long Blades
   859 | D:2      | Reached skill level 1 in Axes
   859 | D:2      | Reached skill level 1 in Maces & Flails
   859 | D:2      | Reached skill level 1 in Polearms
   859 | D:2      | Reached skill level 1 in Staves
   859 | D:2      | Reached skill level 1 in Slings
   859 | D:2      | Reached skill level 1 in Bows
   859 | D:2      | Reached skill level 1 in Crossbows
   859 | D:2      | Reached skill level 1 in Throwing
   859 | D:2      | Reached skill level 1 in Stealth
   859 | D:2      | Reached skill level 1 in Shields
   859 | D:2      | Reached skill level 1 in Unarmed Combat
   859 | D:2      | Reached skill level 1 in Spellcasting
   859 | D:2      | Reached skill level 1 in Evocations
   859 | D:2      | Reached XP level 4. HP: 32/41 MP: 5/5
  1021 | D:2      | XOM: 1-stop teleportation journey
  1352 | D:3      | Found a hide-covered altar of Uskayaw.
  1537 | D:3      | XOM: 1-stop teleportation journey
  1539 | D:3      | Noticed Sigmund
  1547 | D:3      | XOM: 3-stop teleportation journey
  1559 | D:3      | XOM: 3-stop teleportation journey
  1591 | D:3      | XOM: fog
  1597 | D:3      | Killed Sigmund
  1598 | D:3      | Reached skill level 1 in Conjurations
  1598 | D:3      | Reached skill level 1 in Hexes
  1598 | D:3      | Reached skill level 1 in Summonings
  1598 | D:3      | Reached skill level 1 in Necromancy
  1598 | D:3      | Reached skill level 1 in Translocations
  1598 | D:3      | Reached skill level 1 in Transmutations
  1598 | D:3      | Reached skill level 1 in Fire Magic
  1598 | D:3      | Reached skill level 1 in Ice Magic
  1598 | D:3      | Reached skill level 1 in Air Magic
  1598 | D:3      | Reached skill level 1 in Earth Magic
  1598 | D:3      | Reached skill level 1 in Poison Magic
  1598 | D:3      | Reached XP level 5. HP: 47/47 MP: 5/7
  1598 | D:3      | Reached XP level 6. HP: 53/53 MP: 5/8
  2131 | D:4      | XOM: scenery: 1 doors open
  2158 | D:4      | XOM: enchant monster (good)
  2162 | D:4      | Reached skill level 5 in Armour
  2260 | D:4      | XOM: 5-stop teleportation journey
  2523 | D:3      | XOM: summons 4 hostile demons
  2533 | D:3      | XOM: smoke on damage
  2832 | D:4      | Reached XP level 7. HP: 44/59 MP: 10/10
  2838 | D:4      | XOM: summons friendly iron imp
  2848 | D:4      | Slain by an orc

Illustrated notes

Levels and vault maps discovered:
D:1:      sevenhm_arrival_forest_fort_large_4, layout_rooms, minmay_tromino_i2
D:2:      layout_rooms
D:3:      layout_rooms, nicolae_uskayaw_dance_hall, uniq_sigmund
D:4:      layout_basic, lexackson_kobold_supper

Skill      XL: |  1  2  3  4  5  6 |
---------------+-------------------+-----
Invocations    | 1 2 |  2.4
Long Blades    | 1 2 |  2.2
Axes           | 1 2 |  2.2
Maces & Flails | 1 2 |  2.2
Polearms       | 1 2 |  2.2
Staves         | 1 2 |  2.2
Slings         | 1 2 |  2.2
Bows           | 1 2 |  2.2
Crossbows      | 1 2 |  2.2
Throwing       | 1 2 |  2.2
Stealth        | 1 2 |  2.2
Shields        | 1 2 |  2.2
Unarmed Combat | 1 2 |  2.2
Spellcasting   | 1 2 |  2.2
Evocations     | 1 2 |  2.2
Dodging        | 3 |  3.4
Conjurations   | 1 |  1.8
Hexes          | 1 |  1.8
Summonings     | 1 |  1.8
Necromancy     | 1 |  1.8
Translocations | 1 |  1.8
Transmutations | 1 |  1.8
Fire Magic     | 1 |  1.8
Ice Magic      | 1 |  1.8
Air Magic      | 1 |  1.8
Earth Magic    | 1 |  1.8
Poison Magic   | 1 |  1.8
Armour         | 5 |  5.1
Fighting       | |  6.9
Short Blades   | |  6.9

Action                   |  1- 3 |  4- 6 |  7- 9 || total
-------------------------+-------+-------+-------++-------
Melee: Short sword       |    78 |   150 |    14 ||   242
       Bite              |     6 |    20 |     1 ||    27
       Punch             |     4 |     3 |       ||     7
Throw: Dart              |       |    10 |       ||    10
  Use: Scroll            |       |     1 |       ||     1
       Potion            |       |       |     1 ||     1
 Stab: Paralysed         |     1 |     1 |       ||     2
Armor: Leather armour    |    26 |    11 |       ||    37
       Robe              |       |    50 |    11 ||    61
Dodge: Dodged            |    28 |   100 |     8 ||   136
